[Event "Early-Titled-Tuesday-Blitz-October-24-2023"]
[Site "Chess.com"]
[Date "2023.10.24"]
[Round "1"]
[White "Kostya0705"]
[Black "ZeGood_ZeBad_ZeUgly"]
[Result "0-1"]
[WhiteElo "2632"]
[BlackElo "2344"]
[TimeControl "180+1"]
[EndTime "8:06:51 PDT"]
[Termination "ZeGood_ZeBad_ZeUgly won by resignation"]

1. e4 e5 2. Nf3 Nc6 3. Bc4 Bc5 4. c3 Nf6 5. d4 exd4 6. b4 Be7 7. e5 Ne4 8. Bd3 Nxc3 9. Nxc3 dxc3 10. b5 Nb4 11.
Bc4 d5 12. exd6 Qxd6 13. a3 Qxd1+ 14. Kxd1 Bf6 15. Re1+ Kf8 16. Ne5 c2+ 17. Kd2 Bf5 18.
axb4 Rd8+ 19. Kc3 Rd1 20. Bf4 Rxa1 21. Rxa1 g5 22. Bg3 h5 23. h3 h4 24. Bh2 Kg7 25. Bd3 Bxd3 26. Kxd3 Re8 27. Kxc2 Bxe5 28. Re1 f6 29. f4 gxf4 30. Bxf4 Kf7 31. Be3 b6 32. Rd1 Rg8 33. Rd2 Ke6 34. Kd3 Rg3 35. Ke4 Rg7 36.
Kf3 f5 37. Rd8 Rg3+ 38. Kf2 f4 39. Bd2 Rb3 40. Ra8 Ra3 41. Rh8 Bxh8 0-1

[Event "Early-Titled-Tuesday-Blitz-October-24-2023"]
[Site "Chess.com"]
[Date "2023.10.24"]
[Round "1"]
[White "Sofia_Blokhin"]
[Black "PapiPapita"]
[Result "0-1"]
[WhiteElo "2244"]
[BlackElo "2578"]
[TimeControl "180+1"]
[EndTime "8:06:51 PDT"]
[Termination "PapiPapita won on time"]

1. d4 f5 2. c4 d6 3. Nc3 Nf6 4.
g3 e5 5. dxe5 dxe5 6. Qxd8+ Kxd8 7. Bg2 c6 8. Bg5 Be6 9. O-O-O+ Kc7 10. b3 Nbd7 11. e4 h6 12. Bd2 fxe4 13. Nxe4 Nxe4 14. Bxe4 Nf6 15. Bg2 Bf5 16. Kb2 Bc5 17. Be3 Bxe3 18. fxe3 Ng4 19. e4 Bg6 20. Rd2 Rad8 21. Re2 Rd4 22. h3 Nf6 23. Nf3 Rxe4 24. Rhe1 Re8 25. Nxe5 R8xe5 26. Bxe4 Nxe4 27. Re3 a5 28. h4 h5 29. a3 Bf5 30. Ka1 g6 31. Kb2 Kd6 32. Ka1 Re6 33. Kb2 Nxg3 0-1

[Event "Early-Titled-Tuesday-Blitz-October-24-2023"]
[Site "Chess.com"]
[Date "2023.10.24"]
[Round "1"]
[White "Fh2411"]
[Black "deepfear"]
[Result "1-0"]
[WhiteElo "2525"]
[BlackElo "1776"]
[TimeControl "180+1"]
[EndTime "8:06:51 PDT"]
[Termination "Fh2411 won on time"]

1. d4 Nf6 2. Nf3 g6 3. c4 Bg7 4. Nc3 O-O 5. Bg5 h6 6. Bh4 d6 7.
e3 Nbd7 8. Qc2 c5 9. Rd1 a6 10. Be2 Rb8 11. O-O b6 12. Rfe1 Bb7 13. d5 b5 14.
cxb5 axb5 15. Bxb5 g5 16. Bxd7 Qxd7 17. Bg3 Ba6 18. e4 Nh5 19. e5 Nxg3 20. hxg3 Rb4 21. a3 Rb7 22. Rd2 Rfb8 23. Qc1 Qg4 24. Re4 Qf5 25. g4 Qg6 26. e6 Rb3 27. exf7+ Kxf7 28. Re3 1-0

[Event "Early-Titled-Tuesday-Blitz-October-24-2023"]
[Site "Chess.com"]
[Date "2023.10.24"]
[Round "1"]
[White "chessfatbear"]
[Black "JoliyRoger"]
[Result "1-0"]
[WhiteElo "2804"]
[BlackElo "2437"]
[TimeControl "180+1"]
[EndTime "8:06:52 PDT"]
[Termination "chessfatbear won by checkmate"]

1. Nf3 Nf6 2. b3 c5 3. Bb2 Nc6 4. e3 e6 5. Bb5 Qc7 6. O-O Be7 7. d4 a6 8. Bd3 O-O 9. c4 b6 10. Nc3 Bb7 11. Rc1 d6 12. Bb1 Rac8 13. d5 exd5 14. Nxd5 Nxd5 15. cxd5 Nb8 16. Qd3 f5 17. e4 g6 18. Rfe1 Bf6 19. e5 dxe5 20. Nxe5 Nd7 21. d6 Nxe5 22. Bxe5 Qc6 23. f3 Rcd8 24. Rcd1 Bxe5 25.
Rxe5 Rd7 26. Qc4+ Kg7 27. Qc3 Kg8 28. Bd3 b5 29. Rxc5 Qb6 30. b4 Rxd6 31. Bc2 Rfd8 32.
Bb3+ Kf8 33. Qh8+ Ke7 34. Qg7+ Ke8 35. Qf7# 1-0

[Event "Early-Titled-Tuesday-Blitz-October-24-2023"]
[Site "Chess.com"]
[Date "2023.10.24"]
[Round "1"]
[White "JuniorJumper"]
[Black "NCchamp"]
[Result "1-0"]
[WhiteElo "2614"]
[BlackElo "2291"]
[TimeControl "180+1"]
[EndTime "8:06:52 PDT"]
[Termination "JuniorJumper won by resignation"]

1. d4 d5 2. Bf4 c5 3. e3 Nc6 4. Nf3 Nf6 5. Nbd2 cxd4 6. exd4 Bg4 7. c3 e6 8. Bd3 Bd6 9. Bxd6 Qxd6 10. h3 Bh5 11. O-O Bg6 12. Bxg6 hxg6 13. Re1 Kf8 14. Ne5 Nd7 15. Ndf3 Ndxe5 16. Nxe5 Nxe5 17. Rxe5 Qb6 18. Qe2 Kg8 19. Re1 Rh5 20. Re3 Rc8 21. Qg4 a6 22. b3 Rc6 23. Qf4 Qd8 24. g4 Rh4 25. Qg3 Rh7 26. Kg2 Qc8 27. Rf3 b5 28. Qf4 Qc7 29.
Rxe6 Qd7 30. Rxc6 Qxc6 31. Qxf7+ 1-0

[Event "Early-Titled-Tuesday-Blitz-October-24-2023"]
[Site "Chess.com"]
[Date "2023.10.24"]
[Round "1"]
[White "PinaSoprano"]
[Black "biostatistician"]
[Result "0-1"]
[WhiteElo "2212"]
[BlackElo "2565"]
[TimeControl "180+1"]
[EndTime "8:06:52 PDT"]
[Termination "biostatistician won by resignation"]

1. d4 Nf6 2. c4 g6 3. Nc3 Bg7 4. e4 d6 5. h3 O-O 6. Be3 Nc6 7. Nge2 e5 8. d5 Nd4 9. Nxd4 exd4 10. Bxd4 Nxe4 11.
Bxg7 Re8 12. Nxe4 Rxe4+ 13. Be2 Kxg7 14. O-O Qf6 15. Bd3 Rd4 16. Qc2 Bf5 17. Bxf5 Qxf5 18.
Qxf5 gxf5 19. b3 Re8 20. Rfe1 Ree4 21. f3 Re5 22. Rxe5 dxe5 23. Re1 Kf6 24. Re2 h5 25. Kf2 f4 26. Ke1 Rd3 27. Rd2 Rc3 28. Ke2 Ke7 29. Rd3 Rc2+ 30. Rd2 Rc1 31. Rd1 Rxd1 32. Kxd1 Kd6 33. Ke2 f5 34. Kd3 a5 35.
a3 Kc5 36. Kc3 e4 37. b4+ axb4+ 38. axb4+ Kd6 39. fxe4 fxe4 40. Kd4 e3 41. Kd3 h4 42. Ke2 Ke5 43. Kf3 Kd4 44. b5 b6 45. g3 hxg3 46. h4 Kd3 47. h5 e2 48. h6 e1=Q 49. h7 0-1

[Event "Early-Titled-Tuesday-Blitz-October-24-2023"]
[Site "Chess.com"]
[Date "2023.10.24"]
[Round "1"]
[White "Ural_bogatyr"]
[Black "vaniavindy"]
[Result "1-0"]
[WhiteElo "2551"]
[BlackElo "2155"]
[TimeControl "180+1"]
[EndTime "8:06:52 PDT"]
[Termination "Ural_bogatyr won by resignation"]

1. d4 d5 2. Nc3 Nf6 3. Bf4 Bf5 4. e3 e6 5. f3 Be7 6. g4 Bg6 7. h4 h6 8. Bd3 Bxd3 9. Qxd3 Nc6 10. Nge2 Qd7 11.
O-O-O Bd6 12. Bxd6 cxd6 13. Nf4 O-O-O 14. g5 Ne8 15. e4 Nc7 16. exd5 Nb4 17. Qc4 exd5 18. Qxb4 Qf5 19. Nd3 hxg5 20. hxg5 Qxg5+ 21. f4 Qg2 22. Rxh8 Rxh8 23. Qxd6 b6 24. Kb1 Rh2 25. Rc1 Rh1 26. a4 Rh6 27. Qf8+ Kb7 28. Qxf7 Rf6 29. Qd7 Rc6 30. Nb5 a6 31. Ne5 Rc4 32. Nd6+ Ka7 33.
Nexc4 dxc4 34. Qxc7+ 1-0

[Event "Early-Titled-Tuesday-Blitz-October-24-2023"]
[Site "Chess.com"]
[Date "2023.10.24"]
[Round "1"]
[White "Alexchess1984"]
[Black "Cristi_Coca"]
[Result "0-1"]
[WhiteElo "2697"]
[BlackElo "2405"]
[TimeControl "180+1"]
[EndTime "8:06:53 PDT"]
[Termination "Cristi_Coca won on time"]

1. e4 c5 2. c3 d5 3. exd5 Qxd5 4. d4 Nf6 5. Nf3 Nc6 6. Be3 Bg4 7. c4 Qh5 8. d5 Ne5 9. Be2 Nxf3+ 10. gxf3 Bd7 11.
Bxc5 g6 12. Nc3 Bg7 13. Be3 O-O 14. Qd2 Rac8 15. Bxa7 Ne8 16. Bd4 e5 17. f4 exd4 18. Bxh5 dxc3 19. bxc3 gxh5 20. Rg1 Rxc4 21. O-O-O Bf5 22.
Rg5 Nd6 23. Rdg1 Bg6 24. f5 Nxf5 25. Qd3 Rxc3+ 26. Qxc3 Bxc3 0-1

[Event "Early-Titled-Tuesday-Blitz-October-24-2023"]
[Site "Chess.com"]
[Date "2023.10.24"]
[Round "1"]
[White "parintele_chess"]
[Black "KononenkoD"]
[Result "0-1"]
[WhiteElo "2268"]
[BlackElo "2592"]
[TimeControl "180+1"]
[EndTime "8:06:54 PDT"]
[Termination "KononenkoD won on time"]

1. d4 Nf6 2. c4 c5 3. d5 b5 4. cxb5 a6 5. b6 g6 6. Nc3 Bg7 7. e4 O-O 8. Nf3 d6 9. Be2 Nbd7 10. h3 Nxb6 11. O-O Bd7 12. Qc2 Qc7 13. Be3 Rfb8 14. a3 Nc8 15. Rab1 Bb5 16. Rfc1 Bxe2 17.
Qxe2 a5 18. Qc4 Nb6 19. Qb5 Nbxd5 20. Nxd5 Nxd5 21. Qe2 Nxe3 22. Qxe3 Rxb2 23. Rxb2 Bxb2 24. Rb1 Rb8 25. e5 dxe5 26. Qe4 Bd4 27. Rxb8+ Qxb8 28. Qd5 e6 29. Qd7 e4 30. Ng5 Bxf2+ 31. Kf1 Qf4 32.
Nxe6 fxe6 33. Qxe6+ Qf7 34. Qxf7+ Kxf7 35. Kxf2 Ke6 36.
Ke3 Ke5 37. g4 g5 38. a4 Kd5 39. Kd2 Kd4 0-1

[Event "Early-Titled-Tuesday-Blitz-October-24-2023"]
[Site "Chess.com"]
[Date "2023.10.24"]
[Round "1"]
[White "ProfessorChess101"]
[Black "PattyCastillo"]
[Result "1-0"]
[WhiteElo "2531"]
[BlackElo "2029"]
[TimeControl "180+1"]
[EndTime "8:06:54 PDT"]
[Termination "ProfessorChess101 won on time"]

1. e4 c5 2. Nf3 d6 3. Bb5+ Nd7 4. O-O a6 5. Bxd7+ Bxd7 6. d4 cxd4 7. Qxd4 Nf6 8. Nc3 e5 9. Qd3 Bc6 10. Nd2 Be7 11. Nc4 b5 12. Ne3 O-O 13. Ncd5 Nxd5 14.
Nxd5 Rc8 15. c3 Bg5 16. Be3 Bxe3 17. Nxe3 g6 18. Rad1 Qg5 19. Nd5 Bxd5 20. Qxd5 Rfd8 21. f4 Qe7 22. f5 Rc5 23. Qd2 Rc4 24. Qe3 Qf8 25. h4 Qg7 26. h5 gxf5 27. Rxf5 Kh8 28. Rdf1 Rc7 29. h6 1-0

[Event "Early-Titled-Tuesday-Blitz-October-24-2023"]
[Site "Chess.com"]
[Date "2023.10.24"]
[Round "1"]
[White "Apocalyps999"]
[Black "SlavenPastar"]
[Result "1/2-1/2"]
[WhiteElo "2295"]
[BlackElo "2604"]
[TimeControl "180+1"]
[EndTime "8:06:55 PDT"]
[Termination "Game drawn by repetition"]

1. e4 b6 2. d4 Bb7 3. Nc3 e6 4. Nf3 Nf6 5. Bd3 Bb4 6. e5 Ne4 7. Bd2 Nxd2 8. Qxd2 Bxf3 9. gxf3 Qh4 10. a3 Bxc3 11. Qxc3 Nc6 12. Be4 O-O-O 13. a4 a5 14.
O-O-O Kb7 15. d5 exd5 16. Rxd5 Qe7 17. Rhd1 Qb4 18. Qxb4 axb4 19. Rxd7 Rxd7 20. Rxd7 Rf8 21. c3 b3 22. Bd5 g5 23. Rxf7 Rxf7 24. Bxf7 Nxe5 25.
Bxb3 Kc6 26. h3 Nxf3 27. Bd1 Ng1 28. Bg4 h5 29. Bxh5 Nxh3 30. f3 Kd5 31. Kd2 Ke5 32.
Bg4 Nf2 33. Bh5 Nh3 34. Bg4 Nf2 35. Bh5 Nh3 1/2-1/2

[Event "Early-Titled-Tuesday-Blitz-October-24-2023"]
[Site "Chess.com"]
[Date "2023.10.24"]
[Round "1"]
[White "SlippperyWhenWet"]
[Black "Andrei_Skvortsov"]
[Result "0-1"]
[WhiteElo "2349"]
[BlackElo "2662"]
[TimeControl "180+1"]
[EndTime "8:06:59 PDT"]
[Termination "Andrei_Skvortsov won by resignation"]

1. e4 c5 2. Nf3 d6 3. d4 Nf6 4. Nc3 cxd4 5. Nxd4 g6 6. Be2 Bg7 7. O-O O-O 8. h3 Nc6 9. Be3 d5 10. exd5 Nxd5 11. Nxc6 bxc6 12. Nxd5 cxd5 13. c3 e5 14.
Qd2 d4 15. cxd4 exd4 16. Bf4 Be6 17. Bf3 Rc8 18. Rac1 Qb6 19. b3 h5 20. Be4 Rc3 21.
Bd3 Rfc8 22. Rfe1 Rxc1 23. Rxc1 Rc3 24. Rxc3 dxc3 25. Qe2 Bd4 26. Kf1 a5 27. Be3 Bxe3 28. Qxe3 Qc7 29. Bc2 a4 30. Ke2 axb3 31. axb3 Qc6 32.
f3 Qb5+ 33. Qd3 Qe5+ 34. Qe3 Qg3 35. Qf2 Qc7 36. Qd4 Qa5 37. h4 Bf5 38. Bxf5 gxf5 39.
Kd3 Qa2 40. Qxc3 Qxg2 41. Qf6 Qxf3+ 42. Kc4 Qe4+ 43. Kc5 f4 44. Qg5+ Kf8 45. Qd8+ Kg7 46. Qg5+ Qg6 47. Qxf4 Qc2+ 48. Qc4 Qf2+ 49. Kb5 f5 50. b4 f4 51. Qc7+ Kf6 52. Qd6+ Kf5 53. Qc5+ Qxc5+ 54. bxc5 f3 55. c6 f2 56. c7 f1=Q+ 57.
Kb6 Qc4 58. Kb7 Kg4 59. c8=Q+ Qxc8+ 60. Kxc8 Kxh4 61. Kd7 Kg3 62. Ke6 h4 0-1

[Event "Early-Titled-Tuesday-Blitz-October-24-2023"]
[Site "Chess.com"]
[Date "2023.10.24"]
[Round "1"]
[White "JiaHaoxiang"]
[Black "EdmundPlayer"]
[Result "1-0"]
[WhiteElo "2581"]
[BlackElo "2248"]
[TimeControl "180+1"]
[EndTime "8:07:01 PDT"]
[Termination "JiaHaoxiang won by resignation"]

1. d4 Nf6 2. Bf4 d5 3. Nf3 c5 4. c3 Qb6 5. Qb3 c4 6. Qc2 Nc6 7. h3 Bf5 8. Qc1 e6 9. e3 Be7 10. Nbd2 h6 11. g4 Bh7 12. Bg2 O-O 13. O-O Rfc8 14.
Ne5 Nxe5 15. Bxe5 Bd3 16. Re1 Nd7 17. Bg3 Bd6 18. f4 Qd8 19. e4 dxe4 20. Nxe4 Bc7 21. Qe3 Rab8 22. Rad1 b5 23. Qf2 a5 24. Bh4 Qf8 25. f5 exf5 26. gxf5 f6 27. Bg3 b4 28. Bxc7 Rxc7 29. Qg3 Rcc8 30. Nd6 Rd8 31. Bd5+ Kh8 32. Nf7+ Kg8 33. Nxh6+ Kh8 34. Nf7+ Kg8 35. Nxd8+ 1-0

[Event "Early-Titled-Tuesday-Blitz-October-24-2023"]
[Site "Chess.com"]
[Date "2023.10.24"]
[Round "1"]
[White "nihalsarin"]
[Black "motivated_bishop"]
[Result "0-1"]
[WhiteElo "3117"]
[BlackElo "2537"]
[TimeControl "180+1"]
[EndTime "8:07:02 PDT"]
[Termination "motivated_bishop won by resignation"]

1. a3 e5 2. c4 Nf6 3. Nc3 d5 4. cxd5 Nxd5 5. Nf3 Nc6 6. e4 Nxc3 7. bxc3 Bc5 8. Bb5 Bg4 9. h3 Bxf3 10. Qxf3 O-O 11. O-O Qd6 12. d3 a6 13. Bc4 b5 14. Bb3 Rad8 15. Rd1 Kh8 16. g3 Ne7 17. Kg2 f5 18. Ra2 a5 19. a4 b4 20. cxb4 axb4 21. Rc2 Nc6 22. Bb2 Nd4 23. Bxd4 Bxd4 24. exf5 c5 25. Qe4 g6 26. fxg6 hxg6 27. Bc4 Kg7 28. a5 Rf6 29. a6 Rdf8 30. a7 Rxf2+ 31. Rxf2 Rxf2+ 32. Kh1 Qd7 33. g4 Qxa7 34. Qd5 Qb8 35. Qe4 Qf8 36.
Qb7+ Kh8 37. Qe4 Rf1+ 38. Kh2 Qf2+ 39. Qg2 Qxg2+ 40. Kxg2 Rxd1 0-1

[Event "Early-Titled-Tuesday-Blitz-October-24-2023"]
[Site "Chess.com"]
[Date "2023.10.24"]
[Round "1"]
[White "FairChess_on_YouTube"]
[Black "Ykow"]
[Result "1-0"]
[WhiteElo "3091"]
[BlackElo "2519"]
[TimeControl "180+1"]
[EndTime "8:07:02 PDT"]
[Termination "FairChess_on_YouTube won by resignation"]

1. d4 d5 2. c4 e6 3. Nf3 Nf6 4.
Bg5 h6 5. Bxf6 Qxf6 6. e3 c6 7. Bd3 Nd7 8. O-O g6 9. Nbd2 Bg7 10. e4 O-O 11. e5 Qe7 12. c5 f6 13. exf6 Qxf6 14. Re1 g5 15. h3 Re8 16. Ne5 Nxe5 17. Rxe5 Qf4 18. Nf3 Bd7 19. Bc2 Re7 20. Qd3 Bxe5 21.
Nxe5 Be8 22. Re1 Rg7 23. Re3 Qf6 24. Ng4 Qe7 25. Nxh6+ Kh8 26. Qe2 Qf8 27. Rxe6 Bd7 28. Re5 Re8 29. Qh5 Rxe5 30. dxe5 Be8 31. Nf7+ Kg8 32.
Nh6+ Kh8 33. Qg4 Qf4 34. Nf5 Qxg4 35. hxg4 Rg8 36. g3 Bg6 37. f4 Bxf5 38. Bxf5 Kg7 39. Kf2 Rh8 40. e6 Kf6 41. Ke3 Rh3 42. fxg5+ Ke7 43. g6 Rxg3+ 44. Kf4 1-0

[Event "Early-Titled-Tuesday-Blitz-October-24-2023"]
[Site "Chess.com"]
[Date "2023.10.24"]
[Round "1"]
[White "GroovyKettle"]
[Black "Barmen_EV"]
[Result "1-0"]
[WhiteElo "2968"]
[BlackElo "2504"]
[TimeControl "180+1"]
[EndTime "8:07:02 PDT"]
[Termination "GroovyKettle won by checkmate"]

1. e4 e5 2. Nf3 Nc6 3. Bb5 a6 4. Ba4 Nf6 5. d3 b5 6. Bb3 Bc5 7. Nc3 d6 8. Nd5 h6 9. c3 Rb8 10. O-O O-O 11. h3 Nxd5 12. Bxd5 Ne7 13. b4 Bb6 14. Bb3 Ng6 15. Be3 Kh8 16. a4 bxa4 17. Rxa4 f5 18. exf5 Bxf5 19. d4 e4 20. Nh2 d5 21.
Qh5 Qd6 22. Ng4 Bd7 23. Ne5 Nxe5 24. dxe5 Qe6 25. Rxa6 Bb5 26. Rxb6 cxb6 27. Rd1 Rbd8 28. Bd4 Bc4 29. Bxc4 dxc4 30. Qe2 b5 31. Qxe4 Qf5 32. Qe3 Rde8 33. Ra1 Rf7 34. Ra5 Qb1+ 35. Kh2 Qc2 36. Rxb5 Ref8 37. e6 Rxf2 38. Qxh6+ Kg8 39. Qxg7# 1-0

[Event "Early-Titled-Tuesday-Blitz-October-24-2023"]
[Site "Chess.com"]
[Date "2023.10.24"]
[Round "1"]
[White "Mystery2007"]
[Black "Nyzhnyk_Illia"]
[Result "0-1"]
[WhiteElo "2458"]
[BlackElo "2833"]
[TimeControl "180+1"]
[EndTime "8:07:02 PDT"]
[Termination "Nyzhnyk_Illia won on time"]

1. e4 c6 2. d4 d5 3. e5 Bf5 4. h4 Qc7 5. Nc3 a6 6. g4 Bd7 7. Be2 e6 8. Nf3 c5 9. Bf4 Nc6 10. Qd2 cxd4 11. Nxd5 Qd8 12. Nxd4 exd5 13. Nf5 Be6 14. Rd1 Qa5 15. c3 O-O-O 16. Kf1 g6 17. Nd6+ Bxd6 18. exd6 Nf6 19. g5 Ne4 20. Qe3 Nxd6 21. b4 Qc7 22. a4 Nf5 23. Qf3 Ne5 24. Qg2 Rhe8 25. Rh3 f6 26. gxf6 Bf7 27. Rhd3 Qc4 28.
Rd4 Qxc3 29. Rc1 Qxc1+ 30. Bxc1 Nxd4 31. Bd1 Nd3 32. Bd2 Nb2 33. Qg4+ Nf5 34. Bc3 Nxd1 35. Qxd1 d4 36. Bd2 d3 37. Bf4 Re2 38. Qc1+ Rc2 39.
Qe1 d2 40. Bxd2 Rdxd2 41. Qe5 Rxf2+ 42. Kg1 Rg2+ 43. Kh1 Ng3+ 0-1

[Event "Early-Titled-Tuesday-Blitz-October-24-2023"]
[Site "Chess.com"]
[Date "2023.10.24"]
[Round "1"]
[White "attack2mateU"]
[Black "Taran2004"]
[Result "1-0"]
[WhiteElo "2721"]
[BlackElo "2397"]
[TimeControl "180+1"]
[EndTime "8:07:02 PDT"]
[Termination "attack2mateU won by resignation"]

1. e4 c6 2. Nc3 d5 3. Nf3 dxe4 4. Nxe4 Nf6 5. Qe2 Nxe4 6. Qxe4 Qd5 7. Qh4 Bf5 8. Bc4 Qd6 9. d3 Nd7 10. O-O e6 11. Bf4 Qe7 12. Qg3 Nf6 13. Nd4 Nh5 14.
Qf3 Nxf4 15. Nxf5 Qg5 16. Ng3 Ng6 17. Rae1 Ne5 18. Qe4 Nxc4 19. Qxc4 Be7 20. Qb3 O-O-O 21. f4 Qd5 22. f5 Bc5+ 23. Kh1 exf5 24. Rxf5 Qxb3 25.
axb3 Rde8 26. Ref1 Bd4 27. c3 Bf6 28. Ne4 Re6 29. g4 h6 30. Nxf6 gxf6 31. Rxf6 Re2 32. R1f2 Rhe8 33. Kg2 R8e7 34. Rxh6 R2e3 35. Rh3 Rxh3 36.
Kxh3 Re3+ 37. Kh4 Rxd3 38. Kg5 Rh3 39. Kf6 Rh7 40. Rd2 Rh4 41. Rg2 Rh7 42. g5 Kd7 43.
Re2 Kd6 44. h4 Rxh4 45. Kxf7 Rg4 46. g6 a5 47. g7 b5 48. g8=Q Rxg8 49. Kxg8 a4 50.
bxa4 bxa4 51. Re4 a3 52. bxa3 Kd5 53. Rf4 1-0

[Event "Early-Titled-Tuesday-Blitz-October-24-2023"]
[Site "Chess.com"]
[Date "2023.10.24"]
[Round "1"]
[White "AsaHoffmann"]
[Black "Sokoloco"]
[Result "0-1"]
[WhiteElo "2386"]
[BlackElo "2706"]
[TimeControl "180+1"]
[EndTime "8:07:03 PDT"]
[Termination "Sokoloco won on time"]

1. d4 d6 2. e4 g6 3. Be3 Bg7 4. Qd2 a6 5. Nc3 b5 6. f3 Bb7 7.
Bd3 Nd7 8. a3 Rc8 9. Nge2 c5 10.
dxc5 Nxc5 11. O-O Nf6 12. Rad1 O-O 13. Bh6 Qb6 14. Kh1 b4 15. axb4 Qxb4 16. Bxg7 Kxg7 17. Ng3 Qxb2 18. Rb1 Qa3 19. Ra1 Qb4 20. Rfb1 Qd4 21.
Nce2 Qe5 22. f4 Qe6 23. f5 Qe5 24. Ng1 Nfxe4 25. Bxe4 Nxe4 26. Nxe4 Bxe4 27. Re1 Rxc2 28. Qxc2 Bxc2 29. Rxe5 dxe5 30. fxg6 hxg6 31. Nf3 Bd3 32. Nxe5 Bb5 33. Nf3 Rd8 34. h3 Be2 35. Ne5 Rd1+ 36. Rxd1 Bxd1 37. Nc6 Kf6 38. Kg1 Ba4 39. Na5 Bc2 40.
Kf2 Be4 41. g4 Bd5 42. h4 Ke5 43. Ke3 f5 44. h5 gxh5 45. gxh5 Kf6 46. Kd4 e6 0-1

[Event "Early-Titled-Tuesday-Blitz-October-24-2023"]
[Site "Chess.com"]
[Date "2023.10.24"]
[Round "1"]
[White "DefiantChair"]
[Black "RamonManon0g"]
[Result "1-0"]
[WhiteElo "2650"]
[BlackElo "2329"]
[TimeControl "180+1"]
[EndTime "8:07:04 PDT"]
[Termination "DefiantChair won by resignation"]

1. e4 c5 2. Nf3 d6 3. d4 cxd4 4. Nxd4 Nf6 5. Nc3 a6 6. Bg5 e6 7. f4 Be7 8. Qf3 Qc7 9. O-O-O Nbd7 10. g4 O-O 11. Bxf6 Bxf6 12. g5 Bxd4 13. Rxd4 e5 14. Nd5 Qd8 15. Rd2 exf4 16. Qxf4 Ne5 17. h4 Be6 18. h5 Rc8 19. h6 Ng6 20. Qe3 Bxd5 21.
exd5 Re8 22. Qg3 Re5 23. Rg1 Qe7 24. Bd3 Rxd5 25. Bxg6 Rxd2 26. Bxh7+ Kxh7 27. Kxd2 Qe4 28. c3 Qd5+ 29. Kc2 Qxa2 30. g6+ Kg8 31. gxf7+ Qxf7 32. Qxg7+ Qxg7 33. Rxg7+ Kh8 34. Rxb7 Rc6 35. Kd3 d5 36. h7 Rc4 37. Rd7 Rc5 38. b4 Rb5 39. Kd4 a5 40.
Rxd5 Rxd5+ 41. Kxd5 axb4 42. cxb4 Kxh7 43. b5 1-0

[Event "Early-Titled-Tuesday-Blitz-October-24-2023"]
[Site "Chess.com"]
[Date "2023.10.24"]
[Round "1"]
[White "familijatop71"]
[Black "ExchangeAB"]
[Result "0-1"]
[WhiteElo "2141"]
[BlackElo "2548"]
[TimeControl "180+1"]
[EndTime "8:07:04 PDT"]
[Termination "ExchangeAB won on time"]

1. e4 c6 2. d4 d5 3. e5 Bf5 4. Nf3 e6 5. Be2 Nd7 6. O-O Ne7 7. b3 h6 8. c4 g5 9. Ba3 Ng6 10. Bxf8 Kxf8 11. Nc3 Kg7 12. Bd3 Bxd3 13. Qxd3 a6 14. cxd5 cxd5 15. Ne2 Rc8 16. Rac1 Qb6 17. Ng3 Nf4 18.
Qd2 Qb5 19. Rxc8 Rxc8 20. Rc1 Rxc1+ 21. Qxc1 Qd3 22. h3 Nxh3+ 23. gxh3 Qxf3 24. Qc7 Nf8 25. Qxb7 Ng6 26. Qxa6 Qd1+ 27. Qf1 Qxd4 28. Nh5+ Kh8 29. Qb5 Qa1+ 30. Kg2 Nh4+ 31. Kh2 Qxe5+ 32. Kg1 Qe1+ 33. Qf1 Qe4 34. Ng3 Qf3 35. Kh2 f5 36. b4 f4 0-1

[Event "Early-Titled-Tuesday-Blitz-October-24-2023"]
[Site "Chess.com"]
[Date "2023.10.24"]
[Round "1"]
[White "Hovik_Hayrapetyan"]
[Black "MidnightFox"]
[Result "0-1"]
[WhiteElo "2814"]
[BlackElo "2481"]
[TimeControl "180+1"]
[EndTime "8:07:06 PDT"]
[Termination "MidnightFox won by resignation"]

1. d4 Nf6 2. c4 e5 3. dxe5 Ne4 4.
Nf3 Bb4+ 5. Nbd2 d6 6. a3 Bxd2+ 7. Nxd2 Nc5 8. b4 Ne6 9. exd6 Qxd6 10. Bb2 a5 11. c5 Qe7 12. e3 axb4 13. axb4 Rxa1 14. Qxa1 Nc6 15. Bc3 O-O 16. Bc4 f6 17. O-O Kh8 18. Nf3 Bd7 19. Rd1 Re8 20. h3 Nf8 21. b5 Ne5 22. Nxe5 fxe5 23. Qa7 Bc8 24. Rd5 Ng6 25. Rd2 h6 26. Bd5 Qg5 27. Kh2 e4 28. Qa1 Nh4 29. Qf1 Bxh3 30. Kxh3 Qh5 31.
Bf7 Ng6+ 0-1

[Event "Early-Titled-Tuesday-Blitz-October-24-2023"]
[Site "Chess.com"]
[Date "2023.10.24"]
[Round "1"]
[White "Byniolus"]
[Black "oggy1984"]
[Result "1-0"]
[WhiteElo "2804"]
[BlackElo "2438"]
[TimeControl "180+1"]
[EndTime "8:07:06 PDT"]
[Termination "Byniolus won on time"]

1. d4 d5 2. Bf4 Nf6 3. e3 c5 4. c3 Nc6 5. Nd2 e6 6. Ngf3 cxd4 7. cxd4 Bd6 8. Bg3 Ne4 9. Nxe4 dxe4 10. Nd2 f5 11.
Bc4 O-O 12. Rc1 Na5 13. Be2 b6 14. O-O Bb7 15. a3 Bd5 16. b4 Bxg3 17. hxg3 Nb7 18. Nc4 Nd6 19. Ne5 Nf7 20. Nc6 Qg5 21. b5 Nd6 22.
Qa4 h5 23. Qb4 Rad8 24. Nxd8 Rxd8 25. Rc6 Nf7 26. Rfc1 h4 27. gxh4 Qxh4 28. Rc8 f4 29. Rxd8+ Nxd8 30. Qd6 fxe3 31. fxe3 Nf7 32. Qf4 Qh5 33.
Bxh5 1-0

[Event "Early-Titled-Tuesday-Blitz-October-24-2023"]
[Site "Chess.com"]
[Date "2023.10.24"]
[Round "1"]
[White "Chessbard1972"]
[Black "MKlose11"]
[Result "1-0"]
[WhiteElo "2345"]
[BlackElo "2635"]
[TimeControl "180+1"]
[EndTime "8:07:07 PDT"]
[Termination "Chessbard1972 won on time"]

1. d4 Nf6 2. c4 c5 3. d5 b5 4. cxb5 d6 5. Nc3 g6 6. Nf3 Bg7 7. Nd2 O-O 8. Nc4 a6 9. b6 Nbd7 10. a4 Nxb6 11. Na3 Rb8 12. e4 e6 13. a5 Na8 14. Nc4 exd5 15. exd5 Nc7 16. Be2 Nb5 17. Nxb5 axb5 18. Nb6 b4 19. O-O Re8 20. Bb5 Bd7 21.
Bxd7 Nxd7 22. Nc4 Ne5 23. Nb6 h5 24. h3 Nd7 25. Nc4 Ne5 26. Nb6 Rxb6 27. axb6 Qxb6 28.
Bf4 Nc4 29. b3 Bxa1 30. Qxa1 Ne5 31. Re1 Qc7 32. Bg3 Re7 33. Qd1 f6 34. f4 Nf7 35.
Re6 Kg7 36. Qe2 Rxe6 37. dxe6 Nh6 38. e7 Nf5 39. e8=Q Nxg3 40. Q8e7+ Kh6 41. Qxc7 Nxe2+ 42. Kf2 Nxf4 43. Qxd6 Nd3+ 44. Qxd3 g5 45. Qd5 h4 46. Qxc5 1-0

[Event "Early-Titled-Tuesday-Blitz-October-24-2023"]
[Site "Chess.com"]
[Date "2023.10.24"]
[Round "1"]
[White "diamonds13"]
[Black "Flameboard08"]
[Result "0-1"]
[WhiteElo "2283"]
[BlackElo "2608"]
[TimeControl "180+1"]
[EndTime "8:07:07 PDT"]
[Termination "Flameboard08 won by resignation"]

1. d4 b6 2. c4 Bb7 3. Nc3 g6 4. e4 Bg7 5. Be3 e6 6. Qd2 Ne7 7. f4 f5 8. e5 d6 9. O-O-O dxe5 10. fxe5 Nbc6 11. Nf3 Qd7 12. Bf4 O-O 13. h4 h5 14. d5 Nd8 15. d6 cxd6 16. exd6 Nec6 17. Nb5 Nf7 18. c5 bxc5 19. Bc4 Na5 20. Qxa5 Bxf3 21.
gxf3 Rab8 22. Rd2 Rb7 23. Rhd1 Rfb8 24. b3 Kh7 25. Nc7 Nd8 26. Re2 Rb4 27. Qxc5 R4b6 28. Nxe6 Rc6 29. Qd5 Nxe6 30. Rxe6 Rxc4+ 31. Qxc4 Rc8 32.
Re7 Rxc4+ 33. bxc4 Qa4 34. Be5 Qxc4+ 35. Kb1 Qb5+ 36. Ka1 Qe2 37. Rxg7+ Kh6 38. Rd5 Qe1+ 39. Kb2 Qb4+ 40. Ka1 Qe1+ 41. Kb2 Qe2+ 42. Kc3 Qxf3+ 43. Rd3 Qc6+ 44. Kd2 Qg2+ 45. Kc3 Qc6+ 46. Kd4 Qe4+ 47. Kc3 Qxe5+ 48. Rd4 Kxg7 0-1

[Event "Early-Titled-Tuesday-Blitz-October-24-2023"]
[Site "Chess.com"]
[Date "2023.10.24"]
[Round "1"]
[White "Boorchess"]
[Black "kingapolak"]
[Result "1-0"]
[WhiteElo "2544"]
[BlackElo "2133"]
[TimeControl "180+1"]
[EndTime "8:07:08 PDT"]
[Termination "Boorchess won by resignation"]

1. d4 Nf6 2. c4 g6 3. g3 Bg7 4. Bg2 d6 5. Nc3 O-O 6. Nf3 Nc6 7. O-O e5 8. dxe5 dxe5 9. Bg5 Be6 10. Nd2 h6 11. Be3 Nd4 12. Nb3 Bxc4 13. Nxd4 exd4 14. Bxd4 c6 15. Re1 Qc7 16. e3 Rad8 17. Qc2 Be6 18.
a4 Nd5 19. Bxg7 Kxg7 20. Nxd5 Bxd5 21. Qc3+ Kh7 22. b4 Qe7 23. Rad1 Qe6 24. Rd4 Bxg2 25. Kxg2 Rd5 26. Red1 Rfd8 27. Qc4 Kg7 28. Rxd5 cxd5 29. Qd4+ Kh7 30. Qxa7 Qe4+ 31. Kg1 Qxb4 32. Qd4 Qb3 33. Rd3 Qb1+ 34. Kg2 h5 35. h4 Kg8 36. Rc3 Qb2 37. Qf6 d4 38. Qxd8+ Kg7 39. Qxd4+ Kh7 40. Rc7 Qb3 41.
Rc8 1-0